 Dungeon Crawl Stone Soup version 0.31.0-32-g396128a36d (webtiles) character file.

Game seed: 7245967129910874249

1229 PaiMei the Scholar of Death (level 8, 0/60 HPs)
             Began as a Demonspawn Necromancer on Mar 8, 2024.
             Was a Follower of Kikubaaqudgha.
             Slain by a gnoll
             ... wielding a +0 halberd
             ... led by a gnoll bouda
              (9 damage)
             ... on level 6 of the Dungeon.
             The game lasted 00:11:14 (8341 turns).

PaiMei the Scholar of Death (DsNe)                  Turns: 8341, Time: 00:11:14

Health: 0/60       AC:  7    Str:  9    XL:     8   Next: 24%
Magic:  12/15      EV: 13    Int: 18    God:    Kikubaaqudgha [*.....]
Gold:   184        SH:  4    Dex: 13    Spells: 8/16 levels left

rFire   . . .        a - +0 falchion
rCold   . . .        (no shield)
rNeg    . . .        q - +0 leather armour {Will+}
rPois   .            (no helmet)
rElec   .            r - +0 cloak
rCorr   .            k - +2 pair of gloves
SInv    .            (no boots)
Will    +....        (no amulet)
Stlth   ++           (no ring)
HPRegen 0.30/turn    (no ring)
MPRegen 0.14/turn

%: no passive effects
@: mighty, weakened, very slightly contaminated
A: claws 1, powered by pain 2, condensation shield
a: Renounce Religion, Unearth Wretches


You were on level 6 of the Dungeon.
You worshipped Kikubaaqudgha.
Kikubaaqudgha was aware of your devotion.
You visited 1 branch of the dungeon, and saw 6 of its levels.

You collected 184 gold pieces.

Inventory:

Hand Weapons
 a - a +0 falchion (weapon)
Armour
 k - a +2 pair of gloves (worn)
 q - a +0 leather armour of willpower (worn)
 r - a +0 cloak (worn)
Wands
 w - a wand of quicksilver (2)
Scrolls
 c - 7 scrolls of identify {unknown}
 f - a scroll of brand weapon {unknown}
 g - a scroll of immolation {unknown}
 l - 5 scrolls of teleportation {unknown}
 m - 4 scrolls of poison {unknown}
 s - a scroll of revelation {unknown}
 u - a scroll of torment {unknown}
 v - a scroll of enchant weapon {unknown}
Potions
 b - a potion of magic
 d - a potion of mutation {unknown}
 e - 3 potions of invisibility {unknown}
 h - 2 potions of haste {unknown}
 i - 4 potions of degeneration {unknown}
 j - a potion of enlightenment {unknown}
 n - 2 potions of curing {unknown}
 o - 2 potions of heal wounds {unknown}
 p - a potion of berserk rage {unknown}
 t - 2 potions of attraction {unknown}


   Skills:
 + Level 4.0 Fighting
 + Level 4.8 Dodging
 - Level 3.0 Stealth
 + Level 4.9 Spellcasting
 + Level 7.0 Necromancy


You had 8 spell levels left.
You knew the following spells:

 Your Spells              Type           Power      Damage    Failure   Level
a - Necrotise             Necr           100%       1d9       1%          1
b - Vampiric Draining     Necr           29%        2d8       3%          3
c - Animate Dead          Necr           29%        N/A       11%         4

Your spell library contained the following spells:

 Spells                   Type           Power      Damage    Failure   Level
 Sublimation of Blood     Necr           29%        N/A       1%          2
 Kiss of Death            Conj/Necr      68%        2d10      4%          1
 Freeze                   Ice            16%        1d4       19%         1
 Curse of Agony           Necr           29%        N/A       30%         5
 Martyr's Knell           Necr/Summ      17%        N/A       41%         4
 Frozen Ramparts          Ice            8%         1d2       50%         3
 Hailstorm                Conj/Ice       4%         3d5       50%         3
 Inner Flame              Hex/Fire       4%         N/A       50%         3
 Flame Wave               Conj/Fire      4%         2d5       88%         4
 Sticky Flame             Fire/Alch      4%         2d4       88%         4


Dungeon Overview and Level Annotations

Branches:
Dungeon (6/15)
 Temple: D:4-7

Altars:
Ashenzari
Hepliaklqana
Kikubaaqudgha

Shops:
D:3 (

Annotations:
D:4 3 runed translucent doors, Pikel; RosemaryViolet's ghost, amateur MiMo


Innate Abilities, Weirdness & Mutations

You have sharp fingernails.
You sometimes gain power by taking damage.
A meltable shield of frost defends you. (SH +4)


Message History

You draw life force from the gnoll!
You kill the gnoll!
Kikubaaqudgha accepts your kill.
You feel life coursing into your body. The gnoll closely misses you.
Casting: Vampiric Draining (dangerous; 3% risk of failure)
Confirm with . or Enter, or press ? or * to list all spells.
You don't have enough magic to cast this spell.
The gnoll bouda shouts!
The gnoll bouda barks out a call to the hunt!
The gnoll picks up the pace!
You see here a +0 halberd.
You hit the gnoll.
The gnoll is lightly wounded.
The gnoll hits you with a +0 halberd!
You focus on the pain.
You feel your power returning.
You closely miss the gnoll.
The gnoll is lightly wounded.
The gnoll bouda hits you with a +0 whip.
The gnoll barely misses you.
The gnoll bouda hits you with a +0 whip!
* * * LOW HITPOINT WARNING * * *
Casting: Vampiric Draining (dangerous; 3% risk of failure)
Confirm with . or Enter, or press ? or * to list all spells.
Aiming: Vampiric Draining (dangerous; 3% risk of failure)
Press: ? - help, Shift-Dir - straight line, f - gnoll
Aim: a gnoll, wielding a +0 halberd (lightly wounded, covering ground quickly)
You miscast Vampiric Draining.
Nothing appears to happen.
The gnoll hits you with a +0 halberd.
* * * LOW HITPOINT WARNING * * *
The gnoll bouda misses you.
You barely miss the gnoll.
The gnoll is lightly wounded.
The gnoll hits you with a +0 halberd.
* * * LOW HITPOINT WARNING * * *
The gnoll bouda gazes fiercely through you!
You feel your attacks grow feeble. The gnoll bouda closely misses you.
The gnoll misses you.
The gnoll hits you from afar with a +0 halberd!
You die...
Kikubaaqudgha rasps: "You have failed me!
Welcome... death!"

#........#
###.#
##........
#.# ........
#.# #...g..
#.# ##.....
#.# #.g..g#
#.#
.###...gg##
#.#
..........#
#######.#
####...g.g#
#g@)....#
#......#
#g#######
#......###g#
#......g...#
############


You could see a gnoll bouda and 2 gnolls.

Vanquished Creatures
  Sigmund (D:5)
  A water moccasin (D:6)
  2 ice beasts (D:4)
  An ogre (D:4)
  A phantom (D:5)
  A bullfrog (D:6)
  A scorpion (D:6)
  2 bombardier beetles
  A gnoll bouda (D:2)
  2 orc priests
  2 sleepcaps
  2 orc wizards (D:5)
  5 adders
  10 gnolls
  A white imp (D:5)
  4 ribbon worms
  3 dart slugs
  7 orcs
  3 ball pythons
  7 endoplasms
  3 giant cockroaches
  6 goblins
  3 hobgoblins
  5 quokkas
  3 bats
  2 frilled lizards
  10 kobolds
  10 rats
99 creatures vanquished.

Vanquished Creatures (collateral kills)
  2 gnolls (D:3)
  An orc (D:3)
  A goblin (D:4)
  A kobold (D:2)
5 creatures vanquished.

Vanquished Creatures (others)
  A human (D:3)
1 creature vanquished.

Grand Total: 105 creatures vanquished

Notes
Turn   | Place    | Note
-------+----------+-------------------------------------------
     0 | D:1      | PaiMei the Demonspawn Necromancer began the quest for the
                  | Orb.
     0 | D:1      | Reached XP level 1. HP: 13/13 MP: 3/3
   315 | D:1      | Gained mutation: You have sharp fingernails. [demonic
                  | ancestry]
   315 | D:1      | Reached XP level 2. HP: 19/19 MP: 1/5
  1181 | D:2      | Gained mutation: You sometimes gain a little power by
                  | taking damage. [demonic ancestry]
  1181 | D:2      | Reached XP level 3. HP: 20/24 MP: 2/6
  1185 | D:2      | Learned a level 3 spell: Vampiric Draining
  1898 | D:2      | Reached XP level 4. HP: 30/30 MP: 4/7
  2867 | D:3      | Reached skill level 5 in Necromancy
  3244 | D:3      | Gained mutation: A meltable shield of frost defends you.
                  | (SH +4) [demonic ancestry]
  3244 | D:3      | Reached XP level 5. HP: 35/35 MP: 1/9
  3418 | D:3      | Found an ancient bone altar of Kikubaaqudgha.
  3419 | D:3      | Noticed a human
  3422 | D:3      | Became a worshipper of Kikubaaqudgha
  3422 | D:3      | Killed a human
  3458 | D:3      | Found Vabasaw's Weapon Boutique.
  4094 | D:3      | Reached skill level 1 in Fighting
  4467 | D:4      | Reached XP level 6. HP: 30/43 MP: 0/11
  4748 | D:4      | Noticed an ice beast
  4766 | D:4      | Killed an ice beast
  5501 | D:4      | Noticed an ice beast
  5545 | D:4      | Killed an ice beast
  5546 | D:4      | Reached skill level 6 in Necromancy
  5546 | D:4      | Gained mutation: You sometimes gain power by taking damage.
                  | [demonic ancestry]
  5546 | D:4      | Reached XP level 7. HP: 51/51 MP: 1/13
  5634 | D:4      | Noticed Pikel
  5826 | D:4      | Found a hazy altar of Hepliaklqana.
  5829 | D:4      | Found a broken altar of Ashenzari.
  5858 | D:4      | Found a runed translucent gate.
  5858 | D:4      | Found a runed translucent gate.
  5858 | D:4      | Found a runed translucent gate.
  5941 | D:4      | Noticed RosemaryViolet's ghost (amateur MiMo)
  5943 | D:4      | Identified the +2 short sword "Pexar" {flame, rElec}
  5943 | D:4      | Identified the +4 scale mail of the Albatross {+Blink
                  | rPois}
  6021 | D:5      | Entered Level 5 of the Dungeon
  6093 | D:5      | Learned a level 4 spell: Animate Dead
  6674 | D:5      | Noticed Sigmund
  6701 | D:5      | Killed Sigmund
  7898 | D:6      | Reached * piety under Kikubaaqudgha
  7898 | D:6      | Received a gift from Kikubaaqudgha
  7899 | D:6      | Reached XP level 8. HP: 54/59 MP: 4/14
  8331 | D:6      | Reached skill level 7 in Necromancy
  8341 | D:6      | Slain by a gnoll

Illustrated notes

Levels and vault maps discovered:
D:1:      onia_arrival_handbag, layout_basic
D:2:      layout_loops_ring, kennysheep_pointless_box
D:3:      layout_loops_cross, mainiacjoe_overflow_alcove_2, tgw_kikubaaqudgha,
          serial_shops, shop, nicolae_grassy_gnolls
D:4:      layout_basic, jmf_multi_god_temple2, biasface_ghost_orc_armoury,
          uniq_pikel
D:5:      layout_loops_corners, st_stairs_9, dreamdust_princess_corridor,
          grunt_ministairs_15, uniq_sigmund
D:6:      layout_basic

Skill      XL: |  1  2  3  4  5  6  7  8 |
---------------+-------------------------+-----
Dodging        | 2 3 4 |  4.8
Stealth        | 2 3 |  3.0
Necromancy     | 5 6 7 |  7.0
Spellcasting   | 3 4 |  4.9
Fighting       | 1 2 3 4 |  4.0

Action                     |  1- 3 |  4- 6 |  7- 9 || total
---------------------------+-------+-------+-------++-------
  Melee: Short sword       |    13 |       |       ||    13
         Unarmed           |     5 |       |       ||     5
         Punch             |     1 |       |     1 ||     2
         Falchion          |       |    44 |    54 ||    98
   Cast: Necrotise         |    76 |   100 |    38 ||   214
         Vampiric Draining |       |    14 |    22 ||    36
 Armour: Robe              |    25 |    11 |       ||    36
         Leather armour    |       |    48 |    92 ||   140
  Dodge: Dodged            |    23 |    66 |    38 ||   127
  Block: Other             |       |    11 |    14 ||    25
